 Dungeon Crawl Stone Soup version 0.30-a0-738-g116ff8c4af (webtiles) character file.

Game seed: 16574123081985520840

507 greenreed the Cudgeller (level 6, -2/53 HPs)
             Began as a Draconian Fighter on Feb 3, 2023.
             Slain by a gnoll sergeant
             ... wielding a +1 trident of flaming
              (4 damage)
             ... on level 4 of the Dungeon.
             The game lasted 00:06:16 (3382 turns).

greenreed the Cudgeller (Draconian Fighter)         Turns: 3382, Time: 00:06:17

Health: -2/53      AC:  7    Str: 21    XL:     6   Next: 97%
Magic:  6/6        EV: 12    Int:  8    God:
Gold:   198        SH:  4    Dex: 10    Spells: 5/5 levels left

rFire   . . .      SeeInvis .    a - +0 flail
rCold   . . .      Faith    .    b - +0 buckler
rNeg    . . .      Spirit   .    (body armour unavailable)
rPois   .          Reflect  .    (helmet restricted)
rElec   .          Harm     .    (no cloak)
rCorr   .          Rampage  .    (no gloves)
Will    .....                    m - +0 pair of boots
Stlth   +                        (no amulet)
HPRegen 0.28/turn                (no ring)
MPRegen 0.10/turn                (no ring)

@: no status effects
A: AC +6, unfitting armour, cold-blooded
a: no special abilities


You were on level 4 of the Dungeon.
You visited 1 branch of the dungeon, and saw 5 of its levels.

You collected 198 gold pieces.

Inventory:

Hand Weapons
 a - a +0 flail (weapon)
Missiles
 h - a throwing net (quivered)
Armour
 b - a +0 buckler (worn)
 m - a +0 pair of boots (worn)
Scrolls
 d - a scroll of fog {unknown}
 f - 2 scrolls of poison {unknown}
 k - 5 scrolls of identify {unknown}
 l - a scroll of torment {unknown}
 n - a scroll of teleportation {unknown}
 p - a scroll of magic mapping {unknown}
 q - 2 scrolls of immolation {unknown}
 r - a scroll of blinking {unknown}
 t - a scroll of summoning {unknown}
 w - a scroll of amnesia {unknown}
 y - a scroll of noise {unknown}
Potions
 c - 2 potions of might
 e - a potion of brilliance {unknown}
 g - 5 potions of curing {unknown}
 i - a potion of invisibility {unknown}
 j - a potion of lignification {unknown}
 o - 2 potions of heal wounds {unknown}
 s - a potion of mutation {unknown}
 u - a potion of magic {unknown}
 v - a potion of haste {unknown}
 x - a potion of attraction {unknown}
 z - a potion of ambrosia {unknown}


   Skills:
 * Level 4.7 Fighting
 * Level 5.2 Maces & Flails
 + Level 4.3 Dodging
 + Level 0.5 Stealth
 + Level 3.7 Shields


You had 5 spell levels left.
You didn't know any spells.
Your spell library contained the following spells:

 Spells                   Type           Power      Damage    Failure   Level
 Cigotuvi's Dreadful Rot  Necr/Pois/Air  0%         N/A       65%         2
 Ensorcelled Hibernation  Hex/Ice        0%         N/A       65%         2
 Passwall                 Tmut/Erth      0%         N/A       65%         2
 Poisonous Vapours        Pois/Air       0%         N/A       65%         2
 Call Canine Familiar     Summ           0%         N/A       86%         3
 Mephitic Cloud           Conj/Pois/Air  0%         N/A       86%         3
 Portal Projectile        Hex/Tloc       0%         N/A       86%         3
 Swiftness                Air            0%         N/A       86%         3
 Leda's Liquefaction      Hex/Erth       0%         N/A       99%         4


Dungeon Overview and Level Annotations

Branches:
Dungeon (5/15)
 Temple: D:4-7

Altars:
Elyvilon
Gozag
Ru
Zin


Innate Abilities, Weirdness & Mutations

Your plain brown scales are hard. (AC +6)
You cannot fit into any form of body armour.
You are cold-blooded and may be slowed by cold attacks.


Message History

You block the gnoll sergeant's attack. The gnoll closely misses you.
You climb upwards.
There is a stone staircase leading down here.
You barely miss the gnoll sergeant.
Your tail-slap misses the gnoll sergeant.
The gnoll sergeant hits you with a +1 trident of flaming!
The gnoll sergeant burns you.
You sock the gnoll sergeant!
Your tail-slap misses the gnoll sergeant.
The gnoll sergeant is moderately wounded.
The gnoll sergeant hits you but does no damage.
You hit the gnoll sergeant.
The gnoll sergeant is moderately wounded.
The gnoll sergeant closely misses you. You block the gnoll sergeant's attack.
You hit the gnoll sergeant but do no damage.
The gnoll sergeant is moderately wounded.
The gnoll sergeant closely misses you.
You hit the gnoll sergeant but do no damage.
Your tail-slap misses the gnoll sergeant.
The gnoll sergeant is moderately wounded.
The gnoll sergeant barely misses you.
You barely miss the gnoll sergeant.
The gnoll sergeant is moderately wounded.
The gnoll sergeant misses you.
You closely miss the gnoll sergeant.
The gnoll sergeant is moderately wounded.
The gnoll sergeant closely misses you.
You barely miss the gnoll sergeant.
You tail-slap the gnoll sergeant, but do no damage.
The gnoll sergeant is moderately wounded.
The gnoll sergeant hits you with a +1 trident of flaming!
* * * LOW HITPOINT WARNING * * *
The gnoll sergeant burns you.
* * * LOW HITPOINT WARNING * * *
You hit the gnoll sergeant but do no damage.
The gnoll sergeant is moderately wounded.
The gnoll sergeant hits you with a +1 trident of flaming!
* * * LOW HITPOINT WARNING * * *
The gnoll sergeant burns you.
You die...

....#.[.........#####.#....<..#
......#.......#..####.#.......#
.....########.#.......#......(#
....## #.#...............# ....##
#.#...............# .....##
##.†.....)#........###
.###..######.....................
..###....#...........#...+#######
...#..........#.@....###.#...#..)
...........##.#g.....##..#...#...
............#........#...#.......
........>...#..######....###._.##
.##............# #....#.......
.#8........##..## #....#...#...
.##.........#÷..# #.<..#...#...
.##.......#.....#####....'#######
.##..)...##....##..........)..#..


You could see a gnoll sergeant.

Vanquished Creatures
  Sigmund (D:2)
  A black bear (D:4)
  A howler monkey (D:5)
  An iguana (D:3)
  An orc wizard (D:4)
  Robin (D:2)
  6 adders
  2 worms (D:2)
  A dart slug (D:4)
  An orc (D:4)
  12 ball pythons
  10 endoplasms
  6 giant cockroaches
  11 goblins
  9 hobgoblins
  13 jackals
  5 kobolds
  4 quokkas
  8 bats
  5 frilled lizards
  5 rats
104 creatures vanquished.

Vanquished Creatures (others)
  6 plants (D:5)
6 creatures vanquished.

Grand Total: 110 creatures vanquished

Notes
Turn   | Place    | Note
-------+----------+-------------------------------------------
     0 | D:1      | greenreed the Draconian Fighter began the quest for the
                  | Orb.
     0 | D:1      | Reached XP level 1. HP: 19/19 MP: 1/1
   161 | D:1      | Reached XP level 2. HP: 25/26 MP: 2/2
   909 | D:2      | Reached XP level 3. HP: 33/33 MP: 3/3
  1210 | D:2      | Reached skill level 3 in Maces & Flails
  1211 | D:2      | Noticed Robin
  1211 | D:2      | You fall into a shaft and drop 2 floors!
  1256 | D:4      | Reached XP level 4. HP: 40/40 MP: 4/4
  1267 | D:4      | Found a glowing silver altar of Zin.
  1622 | D:2      | Killed Robin
  1823 | D:2      | Noticed Sigmund
  1930 | D:2      | Killed Sigmund
  1931 | D:2      | Reached skill level 4 in Maces & Flails
  1931 | D:2      | Reached XP level 5. HP: 38/47 MP: 5/5
  1931 | D:2      | Reached XP level 6. HP: 42/53 MP: 6/6
  2454 | D:3      | Found an opulent altar of Gozag.
  2827 | D:4      | Found a sacrificial altar of Ru.
  2986 | D:4      | Found a white marble altar of Elyvilon.
  3251 | D:4      | Reached skill level 5 in Maces & Flails
  3345 | D:5      | Entered Level 5 of the Dungeon
  3382 | D:4      | HP: 2/53 [gnoll sergeant/+1 trident of flaming (9)]
  3382 | D:4      | Slain by a gnoll sergeant

Illustrated notes

Levels and vault maps discovered:
D:1:      spicycebolla_arrival_ecumenical, layout_basic, minmay_misc_feat_x,
          minmay_misc_feat_doors, supply_closet_lemuel
D:2:      minmay_angry_zag, layout_loops_ring, hex_large, uniq_sigmund,
          uniq_robin
D:3:      layout_loops_ring, nicolae_overflow_crystal_walls
D:4:      layout_rooms, overflow_temple_1_default,
          nicolae_ru_great_annihilating_truth, elyvilon_altar_3,
          chequers_hall_statues_corner_a
D:5:      layout_loops_ring, tgw_kikubaaqudgha, minmay_temple_entry_sparse_star,
          serial_bayou, serial_bayou_lake_a, serial_bayou_pond_b,
          serial_bayou_lagoon_a, serial_bayou_crossing

Skill      XL: |  1  2  3  4  5  6 |
---------------+-------------------+-----
Dodging        | 3 4 |  4.3
Maces & Flails | 3 4 5 |  5.2
Fighting       | 4 |  4.7
Stealth        | |  0.5
Shields        | |  3.7

Action                     |  1- 3 |  4- 6 || total
---------------------------+-------+-------++-------
  Melee: Flail             |   127 |   213 ||   340
         Tailslap          |    13 |    22 ||    35
 Armour: Skin              |    39 |   105 ||   144
  Dodge: Dodged            |    88 |   168 ||   256
  Block: Buckler           |    25 |    63 ||    88

Table legend: (Time is in decaauts)
 A = Elapsed time spent in this place.
 B = Non-inter-level travel time spent in this place.
 C = Inter-level travel time spent in this place.
 D = Time resting spent in this place.
 E = Time spent auto-exploring this place.
 F = Levels seen in this place.
 G = Mean time per level.
                   A        B        C        D        E       F      G
               +--------+--------+--------+--------+--------+-----+--------+
         Total |   3483 |   3347 |    136 |    219 |   2323 |   5 |  696.6 |
       Dungeon |   3483 |   3347 |    136 |    219 |   2323 |   5 |  696.6 |
               +--------+--------+--------+--------+--------+-----+--------+

Top non-repeatable levels by time:
     D:2: 1087 daAuts
     D:1: 931 daAuts
     D:3: 872 daAuts
     D:4: 563 daAuts
     D:5: 29 daAuts
